 Dungeon Crawl Stone Soup version 0.18.1-48-g4cf74bf (console) character file.

878 Kloppie the Skirmisher (level 7, 0/64 HPs)
             Began as a Black Draconian Berserker on Aug 16, 2016.
             Was a Priest of Trog.
             Slain by a killer bee (10 damage)
             ... on level 5 of the Dungeon.
             The game lasted 00:06:22 (3819 turns).

Kloppie the Skirmisher (Black Draconian Berserker)  Turns: 3819, Time: 00:06:23

Health: 0/64       AC:  6    Str: 19    XL:     7   Next: 75%
Magic:  7/7        EV: 14    Int:  7    God:    Trog [***...]
Gold:   264        SH:  0    Dex: 13    Spells: 0 memorised, 6 levels left

rFire  . . .     SeeInvis .     a - +0 trident
rCold  . . .     Gourm    .     (armour unavailable)
rNeg   . . .     Faith    .     (no shield)
rPois  .         Spirit   .     (helmet restricted)
rElec  +         Dismiss  .     (no cloak)
rCorr  .         Reflect  .     (no gloves)
SustAt .         Harm     .     (no boots)
MR     ++...                    (no amulet)
Stlth  +.........               (no ring)
                                (no ring)

@: lethally poisoned (0 -> -1), exhausted, regenerating, slowed, very slow, very
resistant to hostile enchantments, very unstealthy
A: breathe lightning, unfitting armour, electricity resistance, cold-blooded, AC
+6
a: Breathe Lightning, Berserk, Trog's Hand, Burn Spellbooks, Renounce Religion


You were on level 5 of the Dungeon.
You worshipped Trog.
Trog was most pleased with you.
You were not hungry.

You visited 1 branch of the dungeon, and saw 5 of its levels.

You collected 264 gold pieces.

Inventory:

Hand Weapons
 a - a +0 trident (weapon)
 c - a +0 spear
Jewellery
 i - an uncursed ring of see invisible {unknown}
 r - an uncursed ring of positive energy {unknown}
 v - a +4 ring of protection {unknown}
Scrolls
 g - 2 scrolls of fog {unknown}
 j - a scroll of amnesia {unknown}
 k - a scroll of immolation {unknown}
 m - 4 scrolls of teleportation {unknown}
 o - 3 scrolls of identify {unknown}
 p - 2 scrolls of noise {unknown}
 s - a scroll of remove curse {unknown}
 x - a scroll of enchant weapon {unknown}
Potions
 d - a potion of flight {unknown}
 e - a potion of lignification {unknown}
 h - a potion of cancellation {unknown}
 l - a potion of ambrosia {unknown}
 n - a potion of brilliance {unknown}
 t - 2 potions of berserk rage {unknown}
Comestibles
 b - 2 bread rations
 f - a meat ration
 q - 4 fruits
 u - a slice of pizza
 w - 7 chunks of flesh


   Skills:
 + Level 6.4 Fighting
 + Level 5.7 Polearms
 + Level 5.5 Dodging


You had 6 spell levels left.
You didn't know any spells.

Dungeon Overview and Level Annotations

Branches:
Dungeon (5/15)
 Temple: D:4-7

Altars:
Okawaru
Sif Muna
Vehumet

Shops:
D:4 *

Annotations:
D:4 Kloppie's ghost, amateur DrBe


Innate Abilities, Weirdness & Mutations

You can breathe wild blasts of lightning.
Your glossy black scales are hard (AC +6).
Your body does not fit into most forms of armour.
You are resistant to electric shocks.
You are cold-blooded and may be slowed by cold attacks.


Message History

The killer bee is heavily wounded.
The killer bee stings you.
* * * LOW HITPOINT WARNING * * *
You are more poisoned.
The killer bee poisons you! The killer bee stings you.
* * * LOW HITPOINT WARNING * * *
The killer bee closely misses you.
You're too exhausted to go berserk.
Your skin crawls.
You feel resistant to hostile enchantments.
You feel slightly more hungry.
You have got your breath back.
You feel the effects of Trog's Hand fading.
You feel sick. The killer bee stings you.
* * * LOW HITPOINT WARNING * * *
The killer bee barely misses you. The killer bee misses you.
You barely miss the killer bee.
The killer bee is heavily wounded.
You feel sick. The killer bee stings you!
You die...

#.# #.......).................)
#.###......##'##.......#.###...
#......#...##...#........#####.
##.......###.....###............
#.........#..♣.♣.(##............
#.........#.......#.............
#.........#..♣.♣..#..#####......
#.........##..(..#### #.......
#..........##..@## ........
#..........###y##.### ........
#.........##))......# ..)....
#.........##.......y(.
#..<......##......#...
..####...## ##. #.## #. ... #.
.#


You could see a killer bee.

Vanquished Creatures
  Grinder (D:3)
  A sky beast (D:3)
  A gnoll sergeant (D:5)
  4 killer bees (D:5)
  2 iguanas
  Terence (D:2)
  Natasha (D:3)
  A worker ant (D:4)
  Robin (D:3)
  A worker ant zombie (D:4)
  7 gnolls (D:5)
  2 adders (D:3)
  A shadow imp (D:5)
  2 oozes (D:3)
  A worm (D:3)
  3 dart slugs
  4 giant geckos
  4 orcs
  3 giant cockroaches
  8 goblins
  9 hobgoblins
  6 jackals
  2 quokkas
  A ball python (D:2)
  15 bats
  12 kobolds
  A quokka skeleton (D:4)
  8 rats
103 creatures vanquished.

Notes
Turn   | Place    | Note
--------------------------------------------------------------
     0 | D:1      | Kloppie the Draconian Berserker began the quest for the Orb.
     0 | D:1      | Reached XP level 1. HP: 19/19 MP: 1/1
   116 | D:1      | Reached XP level 2. HP: 17/26 MP: 2/2
   516 | D:1      | Reached ** piety under Trog
   516 | D:1      | Reached skill level 4 in Fighting
   556 | D:1      | Reached XP level 3. HP: 32/33 MP: 3/3
   629 | D:2      | Found a faded altar to an unknown god.
  1002 | D:2      | Noticed Terence
  1017 | D:2      | Killed Terence
  1017 | D:2      | Reached XP level 4. HP: 32/40 MP: 4/4
  1246 | D:3      | Noticed Robin
  1564 | D:3      | Killed Robin
  1837 | D:3      | Noticed a sky beast
  2172 | D:3      | Reached *** piety under Trog
  2186 | D:3      | Noticed Grinder
  2187 | D:3      | Paralysed by Grinder for 5 turns
  2206 | D:3      | Killed Grinder
  2206 | D:3      | Reached skill level 5 in Fighting
  2206 | D:3      | Reached XP level 5. HP: 45/48 MP: 5/5
  2206 | D:3      | Reached XP level 6. HP: 52/56 MP: 6/6
  2307 | D:3      | Killed a sky beast
  2330 | D:3      | Noticed Natasha
  2360 | D:3      | Killed Natasha
  2700 | D:4      | Found a deep blue altar of Sif Muna.
  2700 | D:4      | Found an iron altar of Okawaru.
  2701 | D:4      | Found a radiant altar of Vehumet.
  2905 | D:4      | Found Josh's General Store.
  2962 | D:4      | Reached skill level 5 in Dodging
  2962 | D:4      | Your scales start taking on a glossy black colour.
  2962 | D:4      | Reached XP level 7. HP: 39/62 MP: 7/7
  2962 | D:4      | Gained mutation: You are resistant to electric shocks. [Black Draconian growth]
  3202 | D:4      | Noticed Kloppie's ghost (amateur DrBe)
  3245 | D:5      | Entered Level 5 of the Dungeon
  3410 | D:5      | Reached skill level 5 in Polearms
  3421 | D:5      | Reached skill level 6 in Fighting
  3444 | D:5      | HP: 3/63 [poisoned by a killer bee]
  3450 | D:5      | HP: 2/63 [poisoned by a killer bee]
  3455 | D:5      | HP: 3/63 [poisoned by a killer bee]
  3819 | D:5      | Slain by a killer bee

Skill      XL: |  1  2  3  4  5  6  7 |
---------------+----------------------+-----
Dodging        | 3 4 5 |  5.5
Fighting       | 4 5 6 |  6.4
Polearms       | 4 5 |  5.7

Action                   |  1- 3 |  4- 6 |  7- 9 || total
-------------------------+-------+-------+-------++-------
Melee: Spear             |   159 |   242 |    65 ||   466
       Tailslap          |     9 |    30 |    11 ||    50
       Trident           |       |       |    35 ||    35
Invok: Trog's Hand       |       |     3 |     4 ||     7
       Berserk           |       |     3 |     3 ||     6
 Abil: Breathe Lightning |       |       |     1 ||     1
 Stab: Sleeping          |     4 |       |       ||     4
       Distracted        |       |     1 |       ||     1
  Eat: Chunk             |     1 |    10 |     1 ||    12
       Meat ration       |       |       |     1 ||     1
Armor: Skin              |    30 |    72 |    14 ||   116
Dodge: Dodged            |    92 |   168 |    73 ||   333
